 Dungeon Crawl Stone Soup version 0.28-a0-1524-ge72afd5fc6 (webtiles) character file.

Game seed: 4503584848168288335

35 gimp the Skirmisher (level 3, 0/30 HPs)
             Began as a Djinni Wanderer on Jan 17, 2022.
             Slain by a goblin (4 damage)
             ... on level 3 of the Dungeon.
             The game lasted 00:03:54 (2523 turns).

gimp the Skirmisher (Djinni Wanderer)               Turns: 2523, Time: 00:03:54

Health: 0/30       AC:  2    Str: 10    XL:     3   Next: 52%
Gold:   54         EV: 11    Int: 15    God:
                   SH:  0    Dex: 13

rFire   + + .      SeeInvis .   a - +0 dagger
rCold   x . .      Faith    .   (no shield)
rNeg    . . .      Spirit   .   e - +0 robe
rPois   ∞          Reflect  .   (no helmet)
rElec   .          Harm     .   (no cloak)
rCorr   .          Rampage  .   (no gloves)
Will    .....                   (boots unavailable)
Stlth   ++........              (no amulet)
HPRegen 0.10/turn               (no ring)
MPRegen 0.00/turn               (no ring)

@: flying
A: sickness immunity, fire resistance 2, cold vulnerability 1, float, innate
caster, hp casting, extra vitality 1
a: no special abilities


You were on level 3 of the Dungeon.
You visited 1 branch of the dungeon, and saw 3 of its levels.

You collected 54 gold pieces.

Inventory:

Hand Weapons
 a - a +0 dagger (weapon)
 o - a +0 hunting sling
Missiles
 b - 2 atropa-tipped darts (quivered)
 c - 2 datura-tipped darts
Armour
 d - a +0 buckler
 e - a +0 robe (worn)
Scrolls
 f - a scroll of vulnerability {unknown}
 g - a scroll of amnesia {unknown}
 h - 2 scrolls of teleportation {unknown}
 j - a scroll of enchant armour {unknown}
 k - 4 scrolls of identify {unknown}
 l - a scroll of fog {unknown}
Potions
 i - a potion of haste {unknown}
 m - a potion of degeneration {unknown}
 n - a potion of lignification {unknown}


   Skills:
 * Level 3.2 Fighting
 - Level 1.0 Throwing
 - Level 2.4 Stealth
 - Level 2.0 Shields
 + Level 2.0 Spellcasting


You had one spell level left.
You knew the following spells:

 Your Spells              Type           Power      Damage    Failure   Level
a - Vampiric Draining     Necr           7%         2d6       28%         3
b - Animate Skeleton      Necr           14%        N/A       10%         1
c - Sandblast             Erth           14%        2d6       10%         1

Your spell library contained the following spells:

 Spells                   Type           Power      Damage    Failure   Level


Dungeon Overview and Level Annotations

Branches:
Dungeon (3/15)

Altars:


Innate Abilities, Weirdness & Mutations

You are immune to sickness and miasma.
You are immune to poison.
Your flesh is very heat resistant. (rF++)
You are vulnerable to cold. (rC-)
You float through the air rather than walking.
You learn spells naturally, not from books.
Your magical power is your life essence.
You have superior vitality. (+4 MHP)


Message History

The kobold is moderately wounded.
The kobold hits you with a +0 short sword.
You take 4 damage, and have 11/30 hp.
You closely miss the kobold.
The kobold is moderately wounded.
The kobold barely misses you.
You hit the kobold.
You kill the kobold!
You hit the giant cockroach.
The giant cockroach is almost dead.
The giant cockroach bites you.
You take 1 damage, and have 10/30 hp.
You hit the giant cockroach.
You kill the giant cockroach!
You hit the endoplasm but do no damage. The endoplasm hits you.
* * * LOW HITPOINT WARNING * * *
You take 1 damage, and have 9/30 hp.
You hit the endoplasm.
The endoplasm is heavily wounded.
The endoplasm barely misses you.
You hit the endoplasm.
You kill the endoplasm!
You closely miss the goblin. The goblin hits you with a +0 dagger.
* * * LOW HITPOINT WARNING * * *
You take 2 damage, and have 7/30 hp.
You completely miss the goblin. The goblin misses you.
You hit the goblin but do no damage. The goblin hits you with a +0 dagger.
* * * LOW HITPOINT WARNING * * *
You take 2 damage, and have 5/30 hp.
You closely miss the goblin. The goblin closely misses you.
You closely miss the goblin. The goblin completely misses you.
You hit the goblin.
The goblin is heavily wounded.
The goblin hits you with a +0 dagger.
* * * LOW HITPOINT WARNING * * *
You take 1 damage, and have 4/30 hp.
You closely miss the goblin.
The goblin is heavily wounded.
The goblin hits you with a +0 dagger.
You die...

#....#.# .########.#.#
.......<..#.#
..........#.#
..........#.# ....
###########.# .... #.###
..... #...# ..... ###@#
...... ##g#####......
###########....g.B......
#>........'.............
.#+#####.###.........#.##
.......#.###.........#
.......'...).#########
..#######'#######
#.............#


You could see a goblin.

Vanquished Creatures
  An adder (D:2)
  A dart slug (D:1)
  2 endoplasms
  A giant cockroach (D:3)
  A goblin (D:1)
  5 hobgoblins
  2 quokkas (D:1)
  3 ball pythons
  A bat (D:2)
  3 kobolds
  4 rats
24 creatures vanquished.

Vanquished Creatures (others)
  2 plants (D:2)
2 creatures vanquished.

Grand Total: 26 creatures vanquished

Notes
Turn   | Place    | Note
-------+----------+-------------------------------------------
     0 | D:1      | gimp the Djinni Wanderer began the quest for the Orb.
     0 | D:1      | Reached XP level 1. HP: 18/18 MP: 0/0
   517 | D:1      | Reached XP level 2. HP: 24/24 MP: 0/0
   767 | D:1      | HP: 1/24 [quokka (4)]
  1538 | D:2      | Reached skill level 3 in Fighting
  1538 | D:2      | Reached XP level 3. HP: 11/30 MP: 0/0
  1538 | D:2      | Learned a level 1 spell: Sandblast
  1837 | D:2      | Found a faded altar of an unknown god.
  2523 | D:3      | Slain by a goblin

Illustrated notes

Levels and vault maps discovered:
D:1:      roderic_octagonal_star, layout_basic, hex_large
D:2:      layout_loops_ring, serial_shops, nicolae_shop_hallway_stairs,
          ebering_ecumenical_altar_webs, serial_bayou_pond_e
D:3:      layout_basic, kennysheep_generic_room_2

Skill      XL: |  1  2 |
---------------+-------+-----
Fighting       | 3 |  3.2
Spellcasting   | 2 |  2.0
Throwing       | |  1.0
Stealth        | |  2.4
Shields        | |  2.0

Action                   || total
-------------------------++-------
Melee: Dagger            ||   139
 Cast: Vampiric Draining ||     1
  Use: Potion            ||     1
 Stab: Sleeping          ||     7
Armor: Robe              ||    17
Dodge: Dodged            ||    70

Table legend: (Time is in decaauts)
 A = Elapsed time spent in this place.
 B = Non-inter-level travel time spent in this place.
 C = Inter-level travel time spent in this place.
 D = Time resting spent in this place.
 E = Time spent auto-exploring this place.
 F = Levels seen in this place.
 G = Mean time per level.
                   A        B        C        D        E       F      G
               +--------+--------+--------+--------+--------+-----+--------+
         Total |   2527 |   2407 |    120 |    607 |   1351 |   3 |  842.3 |
       Dungeon |   2527 |   2407 |    120 |    607 |   1351 |   3 |  842.3 |
               +--------+--------+--------+--------+--------+-----+--------+

Top non-repeatable levels by time:
     D:1: 1453 daAuts
     D:2: 862 daAuts
     D:3: 211 daAuts
